 Dungeon Crawl Stone Soup version 0.28-a0-413-gde365fb1df (webtiles) character file.

Game seed: 12564973497919167843

3 Mesmaeker13 the Caller (level 1, 0/13 HPs)
             Began as a Barachi Summoner on Sept 7, 2021.
             Slain by a quokka (3 damage)
             ... on level 1 of the Dungeon.
             The game lasted 00:01:11 (353 turns).

Mesmaeker13 the Caller (Barachi Summoner)            Turns: 353, Time: 00:01:12

Health: 0/13       AC:  2    Str:  9    XL:     1   Next: 50%
Magic:  0/3        EV: 12    Int: 15    God:
Gold:   28         SH:  0    Dex: 12    Spells: 3/4 levels left

rFire   . . .      SeeInvis .   b - +0 dagger
rCold   . . .      Faith    .   (no shield)
rNeg    . . .      Spirit   .   a - +0 robe
rPois   .          Reflect  .   (no helmet)
rElec   .          Harm     .   (no cloak)
rCorr   .          Rampage  .   (no gloves)
Will    .....                   (no boots)
Stlth   ++........              (no amulet)
HPRegen 0.04/turn               (no ring)
MPRegen 0.08/turn               (no ring)

@: unable to hop, slow
A: amphibious, slowness 1, strong legs 1, +LOS
a: Hop


You were on level 1 of the Dungeon.
You visited 1 branch of the dungeon, and saw 1 of its levels.

You collected 28 gold pieces.

Inventory:

Hand Weapons
 b - a +0 dagger (weapon)
Armour
 a - a +0 robe (worn)
Scrolls
 d - a scroll of identify {unknown}
Potions
 c - a potion of mutation {unknown}
 e - a potion of haste {unknown}


   Skills:
 + Level 2.3 Dodging
 - Level 1.8 Stealth
 + Level 2.2 Spellcasting
 + Level 4.9 Summonings


You had 3 spell levels left.
You knew the following spells:

 Your Spells              Type           Power      Damage    Failure   Level
a - Summon Small Mammal   Summ           64%        N/A       3%          1

Your spell library contained the following spells:

 Spells                   Type           Power      Damage    Failure   Level
 Call Imp                 Summ           16%        N/A       4%          2
 Call Canine Familiar     Summ           16%        N/A       9%          3
 Summon Guardian Golem    Hex/Summ       9%         N/A       24%         3
 Slow                     Hex            1%         N/A       32%         2
 Confusing Touch          Hex            1%         N/A       54%         3
 Summon Lightning Spire   Summ/Air       9%         N/A       61%         4
 Yara's Violent Unravell  Hex/Tmut       0%         3d3       99%         5


Dungeon Overview and Level Annotations

Branches:
Dungeon (1/15)

Altars:


Innate Abilities, Weirdness & Mutations

You are amphibious.
You cover ground slowly.
You can hop short distances.
You have an extended range of vision and can be seen from far away.


Message History

Your bat dies!
Your bat's corpse disappears in a puff of smoke!
You hit the quokka but do no damage.
The quokka is moderately wounded.
The quokka bites you.
The quokka bites you but does no damage.
You hit the quokka.
The quokka is heavily wounded.
The quokka bites you.
Hop to where?
Press: ? - help, Dir - move target Boing!
Casting: Summon Small Mammal (safe; 3% risk of failure)
Confirm with . or Enter, or press ? or * to list all spells.
The quokka closely misses you. The quokka bites you.
You swap places.
Your bat barely misses the quokka.
The quokka bites your bat.
Your bat dies!
Your bat's corpse disappears in a puff of smoke!
The quokka barely misses you. The quokka barely misses you.
Casting: Summon Small Mammal (safe; 3% risk of failure)
Confirm with . or Enter, or press ? or * to list all spells.
The quokka closely misses you. The quokka bites you.
You swap places.
The quokka misses your quokka.
Your quokka bites the quokka but does no damage.
The quokka barely misses your quokka.
Your quokka barely misses the quokka.
The quokka barely misses your quokka.
Your quokka bites the quokka.
The quokka barely misses your quokka.
Your quokka misses the quokka. The quokka closely misses your quokka.
Your quokka barely misses the quokka.
The quokka bites your quokka.
Your quokka closely misses the quokka.
The quokka bites your quokka.
Your quokka dies!
Your quokka's corpse disappears in a puff of smoke!
The quokka bites you.
* * * LOW HITPOINT WARNING * * *
The quokka bites you.
You die...

#...........#
#############...........#
#...>.......'...........#
#.##.########.......)...# #.#
########)#### ####.######## #..#
#...........# ##.##
.#.##.######.#########..#######.#
...............r@................
##.#.#######.##########..######.
# #. #.........###.# #.
#####.###.# #.## #. #.# #.# #..#
.. ### #r# ##.## .. #.# #..# ..
#.# ##.## #.# #..#


You could see a quokka.

Vanquished Creatures
  A kobold (D:1)
1 creature vanquished.

Vanquished Creatures (collateral kills)
  2 goblins (D:1)
2 creatures vanquished.

Grand Total: 3 creatures vanquished

Notes
Turn   | Place    | Note
-------+----------+-------------------------------------------
     0 | D:1      | Mesmaeker13 the Barachi Summoner began the quest for the
                  | Orb.
     0 | D:1      | Reached XP level 1. HP: 13/13 MP: 3/3
   353 | D:1      | Slain by a quokka

Illustrated notes

Levels and vault maps discovered:
D:1:      minmay_arrival_semitransparent, layout_basic

Action                   || total
-------------------------++-------
Melee: Dagger            ||     9
       Unarmed           ||     3
 Cast: Summon Small Mamm ||    11
 Abil: Hop               ||     3
Armor: Robe              ||     3
Dodge: Dodged            ||    12

Table legend: (Time is in decaauts)
 A = Elapsed time spent in this place.
 B = Non-inter-level travel time spent in this place.
 C = Inter-level travel time spent in this place.
 D = Time resting spent in this place.
 E = Time spent auto-exploring this place.
 F = Levels seen in this place.
 G = Mean time per level.
                   A        B        C        D        E       F      G
               +--------+--------+--------+--------+--------+-----+--------+
         Total |    385 |    385 |      0 |     28 |    241 |   1 |  385.0 |
       Dungeon |    385 |    385 |      0 |     28 |    241 |   1 |  385.0 |
               +--------+--------+--------+--------+--------+-----+--------+

Top non-repeatable levels by time:
     D:1: 385 daAuts
